[Event "Team 45 45 League T38"]
[Site "Internet Chess Club"]
[Date "2008.08.07"]
[Round "3"]
[White "DTK"]
[Black "lapau"]
[Result "1/2-1/2"]
[WhiteElo "2143"]
[BlackElo "2042"]
[Opening "Sicilian defense"]
[ECO "B40"]
[Time "13:00:08"]
[TimeControl "2700+45"]

1. e4 c5 2. Nf3 e6 3. d3 Nc6 4. g3 g6 5. Bg5 Qb6 6. Na3 Qxb2 7. Nc4 Qc3+ 8. Bd2
Qg7 9. Bg2 b5 10. Ne3 Be7 11. Rb1 Rb8 12. O-O h5 13. Re1 Nh6 14. Nd5 O-O 15.
Nxe7+ Nxe7 16. Bf4 Rb6 17. Qd2 Ng4 18. h3 e5 19. hxg4 exf4 20. Qxf4 hxg4 21.
Qxg4 d6 22. Qg5 f6 23. Qd2 Be6 24. c3 Rc8 25. Rb2 a6 26. a4 Rcb8 27. axb5 Rxb5
28. Rxb5 axb5 29. Ra1 Nc8 30. d4 Qe7 31. Qh6 Qg7 32. Qe3 Qe7 33. e5 dxe5 34.
dxe5 Bd5 35. exf6 Qxe3 36. fxe3 Bxf3 37. Bxf3 b4 38. cxb4 cxb4 39. Bd5+ Kf8 40.
g4 Nb6 41. Bb3 Nd7 42. g5 Nc5 43. Rb1 Ne4 44. Bc2 Nxg5 45. Bxg6 Nf3+ 46. Kf2 Ne5
47. Bc2 Kf7 48. Ke2 Kxf6 49. Rf1+ Ke7 50. Bb3 Rf8 51. Rxf8 {Game drawn by mutual
agreement} 1/2-1/2

[Event "Team 45 45 League T38"]
[Site "Internet Chess Club"]
[Date "2008.08.06"]
[Round "3"]
[White "PopolVuh"]
[Black "Ser-Enigma"]
[Result "0-1"]
[WhiteElo "1997"]
[BlackElo "2120"]
[Opening "English: Carls' Bremen system"]
[ECO "A22"]
[Time "13:01:25"]
[TimeControl "2700+45"]

1. c4 Nf6 2. Nc3 e5 3. g3 Nc6 4. Bg2 Bb4 5. Nd5 Bc5 6. d3 h6 7. Nf3 O-O 8. O-O
d6 9. Bd2 a5 10. b3 Nxd5 11. cxd5 Ne7 12. Qc1 Nxd5 13. Nxe5 Bxf2+ 14. Rxf2 dxe5
15. Bxd5 Qxd5 16. Qxc7 Be6 17. Qc4 Qd6 18. Qb5 Bd5 19. Bxa5 Bc6 20. Bb4 Qd4 21.
Qc4 Qxa1+ 22. Rf1 Qxa2 23. Bxf8 Rxf8 24. e4 Bd7 25. Rf2 Qa1+ 26. Kg2 Qd4 27. Qc7
Bc6 28. Rf3 Qb2+ 29. Kg1 Qe2 {White resigns} 0-1

[Event "Team 45 45 League T38"]
[Site "Internet Chess Club"]
[Date "2008.08.10"]
[Round "3"]
[White "NFork"]
[Black "AlonzoMosely"]
[Result "1-0"]
[WhiteElo "2144"]
[BlackElo "2388"]
[Opening "Robatsch defense: Pseudo-Austrian attack"]
[ECO "B06"]
[Time "12:58:13"]
[TimeControl "2700+45"]

1. e4 g6 2. d4 Bg7 3. f4 d6 4. Nc3 a6 5. a4 Nc6 6. d5 Nb8 7. a5 e6 8. Nf3 exd5
9. Nxd5 Ne7 10. Bc4 O-O 11. O-O Nd7 12. f5 Nxd5 13. Qxd5 Nf6 14. Qd3 d5 15. exd5
Bxf5 16. Qb3 Qd6 17. Bd2 Ne4 18. Bb4 Nc5 19. Qe3 b6 20. Nd4 Rfe8 21. Qf2 Re4 22.
c3 Re5 23. axb6 cxb6 24. Nc6 Re4 25. Bxc5 bxc5 26. Bd3 Rf8 27. Bxe4 Bxe4 28.
Rfe1 f5 29. Qg3 Qd7 30. Rxa6 Qb7 31. Ra2 Qb3 32. Rea1 f4 33. Qf2 Bxd5 34. Qxc5
Be4 35. Nd4 Qb7 36. b4 f3 37. gxf3 Bxf3 38. Rf1 Bxd4+ 39. Qxd4 Rf5 40. Qd8+ Kf7
41. Rd2 Qa7+ 42. Qd4 Qa8 43. Qd7+ Kf6 44. Rd6+ Kg5 45. Qd8+ Qxd8 46. Rxd8 Kf4
47. Rd3 Rg5+ 48. Kf2 Be4 49. Ke2+ Ke5 50. Re3 Rg2+ 51. Rf2 Rg1 52. Kd2 Kd5 53.
Rf8 Bf5 54. Rf7 h5 55. Rc7 h4 56. Rc5+ Kd6 57. c4 h3 58. Rd5+ Kc6 59. Rxf5 gxf5
60. Rxh3 Rg6 61. Rf3 Rg5 62. Kc3 Rh5 63. h3 Kd6 64. Rd3+ Ke5 65. b5 Ke4 66. Rd4+
Ke3 67. Rd8 Rxh3 68. Rd3+ {Black resigns} 1-0

[Event "Team 45 45 League T38"]
[Site "Internet Chess Club"]
[Date "2008.08.09"]
[Round "3"]
[White "RONENOSH9"]
[Black "eurander"]
[Result "0-1"]
[WhiteElo "2101"]
[BlackElo "2142"]
[Opening "Caro-Kann: classical variation"]
[ECO "B18"]
[Time "04:00:07"]
[TimeControl "2700+45"]

1. e4 c6 2. d4 d5 3. Nc3 dxe4 4. Nxe4 Bf5 5. Ng3 Bg6 6. Nf3 Nd7 7. Bd3 Ngf6 8.
c4 e6 9. O-O Be7 10. Bxg6 hxg6 11. Bf4 O-O 12. Qb3 Qb6 13. Qxb6 Nxb6 14. Ne5
Rfd8 15. Rfd1 Nfd7 16. b3 g5 17. Be3 f5 18. Bd2 Nxe5 19. dxe5 Rd7 20. Ba5 Rad8
21. Re1 Ba3 22. Rab1 Rd3 23. Ne2 Kf7 24. Nc3 Bc5 25. Na4 Bd4 26. c5 Rd5 27. cxb6
Rxa5 28. Red1 Rxd1+ 29. Rxd1 Rd5 30. bxa7 Bxa7 31. Rxd5 exd5 32. Nb2 Bd4 33. Nd3
Ke6 34. g4 fxg4 35. Kg2 c5 36. Kg3 c4 37. bxc4 dxc4 38. Nb4 Kf5 39. e6 Be5+ 40.
Kg2 Kxe6 41. h3 gxh3+ 42. Kxh3 Kf5 43. f3 Kf4 44. Kg2 Ke3 45. Nd5+ Kd2 46. Nb6
c3 47. Nc4+ Ke2 48. Na3 Kd1 49. Nc4 Bd4 {White resigns} 0-1

[Event "Team 45 45 League T38"]
[Site "Internet Chess Club"]
[Date "2008.08.07"]
[Round "3"]
[White "tryanything"]
[Black "jordifp"]
[Result "1-0"]
[WhiteElo "1707"]
[BlackElo "1671"]
[Opening "English opening"]
[ECO "A21"]
[Time "17:39:28"]
[TimeControl "2700+45"]

1. c4 e5 2. Nc3 f5 3. d3 Nf6 4. g3 a6 5. Bg2 Bc5 6. e3 c6 7. Nf3 d6 8. d4 exd4
9. exd4 Bb6 10. Qe2+ Qe7 11. Qxe7+ Kxe7 12. O-O h6 13. Re1+ Kf7 14. Bf4 Rd8 15.
Rad1 Nh5 16. Bxd6 Rxd6 17. c5 Bxc5 18. dxc5 Rxd1 19. Rxd1 Nd7 20. b4 Nhf6 21.
Nd4 Ne5 22. f4 Nc4 23. Nc2 Be6 24. a4 Ke7 25. b5 cxb5 26. Bxb7 Ra7 27. c6 Na5
28. axb5 Nxb7 29. cxb7 Rxb7 30. bxa6 Ra7 31. Nb4 Bc4 32. Nc6+ {Black resigns}
1-0

[Event "Team 45 45 League T38"]
[Site "Internet Chess Club"]
[Date "2008.08.10"]
[Round "3"]
[White "pedrin"]
[Black "LIVVI"]
[Result "1-0"]
[WhiteElo "1580"]
[BlackElo "1415"]
[Opening "Petrov three knights game"]
[ECO "C26"]
[Time "10:00:48"]
[TimeControl "2700+45"]

1. e4 Nf6 2. Nc3 e5 3. Nf3 d6 4. Bc4 h6 5. O-O c6 6. d4 Qc7 7. dxe5 dxe5 8. Be3
Be7 9. Qd3 O-O 10. Rad1 Be6 11. Bxe6 fxe6 12. Qc4 Nbd7 13. Qxe6+ Rf7 14. Rd3 Ng4
15. Rxd7 Qb8 16. Rxe7 Qf8 17. Rxf7 Qxf7 18. Qxg4 Re8 19. Bxa7 Re6 20. Qf5 Qe8
21. Rd1 Rf6 22. Qxe5 Qg6 23. Rd8+ Kh7 24. Qb8 Qf7 25. Rh8+ Kg6 26. Qg3+ Kh5 27.
Qg5# {Black checkmated} 1-0

[Event "Team 45 45 League T38"]
[Site "Internet Chess Club"]
[Date "2008.08.10"]
[Round "3"]
[White "klutzer"]
[Black "Camalleo"]
[Result "1-0"]
[WhiteElo "1642"]
[BlackElo "1616"]
[Opening "Levitsky attack (Queen's bishop attack)"]
[ECO "D00"]
[Time "16:04:56"]
[TimeControl "2700+45"]

1. d4 d5 2. Bg5 Nf6 3. Bxf6 exf6 4. e3 Bb4+ 5. c3 Bd6 6. Bd3 O-O 7. Nf3 c6 8.
Nbd2 f5 9. Qc2 f4 10. e4 Re8 11. e5 Bc7 12. O-O f6 13. Bxh7+ Kf8 14. Bg6 Re7 15.
Rfe1 Re6 16. exf6 Qxf6 17. Rxe6 Bxe6 18. Re1 Nd7 19. Bd3 Ke7 20. Bf5 Kd8 21.
Bxe6 Nf8 22. Bg4 Ng6 23. Re6 Qf7 24. Rxg6 {Black resigns} 1-0

[Event "Team 45 45 League T38"]
[Site "Internet Chess Club"]
[Date "2008.08.10"]
[Round "3"]
[White "ElmerHo"]
[Black "rayngrant"]
[Result "1-0"]
[WhiteElo "1637"]
[BlackElo "1506"]
[Opening "French: Winawer, classical variation"]
[ECO "C18"]
[Time "19:52:47"]
[TimeControl "2700+45"]

1. e4 e6 2. d4 d5 3. Nc3 Bb4 4. e5 c5 5. a3 Bxc3+ 6. bxc3 Qc7 7. Nf3 Nc6 8. Bd3
Nge7 9. a4 O-O 10. O-O cxd4 11. cxd4 Nf5 12. c3 Na5 13. Ba3 Rd8 14. Bxf5 exf5
15. Bb4 Nc4 16. a5 Bd7 17. Re1 Re8 18. Ra2 Bb5 19. Qc2 g6 20. Nd2 Nxd2 21. Qxd2
Qc4 22. Raa1 Re6 23. f4 a6 24. Bc5 Rae8 25. h3 Rc8 26. Ra3 Rcc6 27. Qf2 Kg7 28.
Qg3 f6 29. Bd6 b6 30. exf6+ Kf7 31. Rxe6 Qf1+ 32. Kh2 Kxe6 33. Qe3+ Kd7 34. Qe7+
Kc8 35. f7 {Black resigns} 1-0

[Event "Team 45 45 League T38"]
[Site "Internet Chess Club"]
[Date "2008.08.16"]
[Round "3"]
[White "OOB1"]
[Black "civilization"]
[Result "0-1"]
[WhiteElo "1528"]
[BlackElo "1610"]
[Opening "Sicilian defense"]
[ECO "B41"]
[Time "14:15:50"]
[TimeControl "2700+45"]

1. e4 c5 2. Nf3 e6 3. d4 cxd4 4. Qxd4 Nf6 5. Bg5 Be7 6. e5 Nc6 7. Qh4 Nd5 8.
Bxe7 Qxe7 9. Qxe7+ Ndxe7 10. Nc3 Ng6 11. Nb5 O-O 12. Nc7 Rb8 13. Nb5 a6 14. Nd6
Ngxe5 15. Nxe5 Nxe5 16. Nc4 Nxc4 17. Bxc4 d5 18. Bb3 Bd7 19. O-O a5 20. a4 Rfc8
21. Rfc1 b6 22. c4 dxc4 23. Bxc4 Rc7 24. Bb5 Rbc8 25. Rxc7 Rxc7 26. Bxd7 Rxd7
27. b3 h6 28. f3 Rd2 29. Rb1 Kf8 30. b4 Rd5 31. Kf2 Ke7 32. Rb2 Kd6 33. Ke3 g6
34. h3 f5 35. bxa5 bxa5 36. g4 Ke5 37. Rb5 f4+ 38. Ke2 g5 39. Rxd5+ Kxd5 40. Kd3
e5 41. Kc3 Kc5 42. Kb3 Kd4 43. Kc2 Kc4 44. Kb2 Kb4 45. Ka2 Kxa4 46. Kb2 Kb4 47.
Ka2 Kc4 48. Kb2 Kd3 49. Kb3 Ke3 50. Ka4 Kxf3 51. Kxa5 Kg3 52. Kb4 Kxh3 53. Kc4
Kxg4 54. Kd5 f3 {White resigns} 0-1

[Event "Team 45 45 League T38"]
[Site "Internet Chess Club"]
[Date "2008.08.12"]
[Round "3"]
[White "Invicta-Knight"]
[Black "Fidelian"]
[Result "0-1"]
[WhiteElo "1507"]
[BlackElo "1388"]
[Opening "King's pawn game"]
[ECO "C21"]
[Time "14:06:42"]
[TimeControl "2700+45"]

1. e4 e5 2. d4 Nf6 3. dxe5 Nxe4 4. Bd3 Nc5 5. Bc4 Nc6 6. Nf3 h6 7. Nc3 d6 8. Be3
Bg4 9. Qd5 Be6 10. Qd2 Bxc4 11. O-O-O dxe5 12. Qxd8+ Rxd8 13. Rxd8+ Kxd8 14. b4
Nd7 15. Rd1 Bxb4 16. Nd5 Ba3+ 17. Kb1 Be2 18. Rd2 Bxf3 19. gxf3 Kc8 20. f4 Bd6
21. fxe5 Bxe5 22. Rd3 Bxh2 23. Ra3 Bd6 24. Rd3 Nde5 25. Rd2 Nc4 26. Rd3 Nxe3 27.
Nxe3 g6 {White resigns} 0-1

[Event "Team 45 45 League T38"]
[Site "Internet Chess Club"]
[Date "2008.08.07"]
[Round "3"]
[White "SuperPeon"]
[Black "trophyking"]
[Result "1/2-1/2"]
[WhiteElo "2182"]
[BlackElo "2252"]
[Opening "French: Tarrasch, closed variation"]
[ECO "C05"]
[Time "12:08:57"]
[TimeControl "2700+45"]

1. e4 e6 2. d4 d5 3. Nd2 Nf6 4. e5 Nfd7 5. Bd3 c5 6. c3 Nc6 7. Ne2 Qb6 8. Nf3
cxd4 9. cxd4 f6 10. exf6 Nxf6 11. O-O Bd6 12. Bf4 Bxf4 13. Nxf4 O-O 14. Re1 Qxb2
15. Nxe6 Bxe6 16. Rxe6 Rae8 17. Rxe8 Rxe8 18. Rb1 Qxa2 19. Rxb7 Ne4 20. Qc2 Qxc2
21. Bxc2 Ng5 22. Bb3 Nxf3+ 23. gxf3 Rd8 24. Rb5 Nxd4 25. Bxd5+ Kf8 26. Ra5 Ne2+
27. Kf1 Nf4 28. Bb3 Rd3 29. Rf5+ Ke7 30. Rf7+ Ke8 31. Rxf4 Rxb3 32. Rh4 h6 33.
Ra4 Rb7 34. f4 Kd7 35. Ra6 Kc8 36. Kg2 Rf7 37. Kg3 Kb7 38. Ra1 Rf5 39. Kg4 Rc5
40. f5 a5 41. f4 Kb6 42. Ra4 Kb5 43. Re4 Rc7 44. Re5+ Kb4 45. Re4+ Kb3 46. Re3+
Kb2 47. Re2+ Rc2 48. Re7 a4 49. Rb7+ Kc3 50. Ra7 Kb3 {Game drawn by mutual
agreement} 1/2-1/2

FriedEggs,

Under the Statutes of the league you have forfeit this round. Section 10 d ii states “Contact-or-Forfeit Deadline = Friday, 22:00 ICC server time   If a player has neither posted offers of play times, nor accepted an offered time by this deadline, he forfeits the game.  ¶ SC 29-30” 
You will also receive a Reliability Rating reduction.

You have 48 hour to reply if you think this ruling is in error. 

kjs110

[Event "Team 45 45 League T38"]
[Site "Internet Chess Club"]
[Date "2008.08.12"]
[Round "3"]
[White "fishhead"]
[Black "Emrebey"]
[Result "1-0"]
[WhiteElo "1955"]
[BlackElo "1583"]
[Opening "Sicilian defense"]
[ECO "B34"]
[Time "16:00:06"]
[TimeControl "2700+45"]

1. e4 c5 2. Nf3 Nc6 3. d4 cxd4 4. Nxd4 g6 5. Bc4 Bg7 6. Nxc6 bxc6 7. Bb3 Bb7 8.
Nc3 d6 9. Bg5 Nf6 10. Qd2 O-O 11. O-O-O Rc8 12. h4 c5 13. Nd5 c4 14. Ba4 Nxd5
15. exd5 c3 16. bxc3 Bxc3 17. Qd3 Rc6 18. dxc6 {Black resigns} 1-0

[Event "Team 45 45 League T38"]
[Site "Internet Chess Club"]
[Date "2008.08.09"]
[Round "3"]
[White "badmove"]
[Black "BigH"]
[Result "0-1"]
[WhiteElo "1556"]
[BlackElo "1765"]
[Opening "Bird's opening: Lasker variation"]
[ECO "A03"]
[Time "16:59:25"]
[TimeControl "2700+45"]

1. f4 d5 2. Nf3 c5 3. e3 Nf6 4. d3 Nc6 5. Be2 Bg4 6. b3 Qc7 7. O-O e5 8. fxe5
Nxe5 9. Bb2 Bd6 10. Bxe5 Bxe5 11. Nxe5 Bxe2 12. Qxe2 Qxe5 13. c3 O-O 14. d4 cxd4
15. cxd4 Qe6 16. Nd2 Rfe8 17. Rf3 Rac8 18. Nf1 Rc3 19. h3 Rec8 20. Rd1 Ne4 21.
Ng3 Rc2 22. Qb5 Nc3 23. Qxb7 Nxd1 24. Nf5 R2c7 25. Qb4 Nc3 26. Nd6 Rd8 27. Nxf7
Rxf7 28. Rxf7 Qxf7 29. Qxc3 Re8 30. Qd2 Qe7 31. Kf2 Qf6+ 32. Kg1 Qg5 33. Kf2 h5
34. g3 Qf5+ 35. Kg2 Qe4+ 36. Kh2 Qxe3 37. Qxe3 Rxe3 38. Kg2 Re2+ 39. Kf3 Rxa2
40. Kf4 Rb2 41. Ke5 Rxb3 42. Kxd5 a5 43. Kc5 a4 44. d5 Rxg3 45. d6 Rxh3 {White
resigns} 0-1

[Event "Team 45 45 League T38"]
[Site "Internet Chess Club"]
[Date "2008.08.09"]
[Round "3"]
[White "alexdb"]
[Black "therealwizard"]
[Result "0-1"]
[WhiteElo "2007"]
[BlackElo "2175"]
[Opening "Ruy Lopez: Berlin defense"]
[ECO "C65"]
[Time "22:02:43"]
[TimeControl "2700+45"]

1. e4 e5 2. Nf3 Nc6 3. Bb5 Nf6 4. Qe2 Bc5 5. c3 O-O 6. O-O Re8 7. d3 h6 8. Be3
Bxe3 9. fxe3 d5 10. exd5 Qxd5 11. Bc4 Qd6 12. Nfd2 Be6 13. Na3 Rad8 14. Rxf6
gxf6 15. Ne4 Qe7 16. Rf1 f5 17. Ng3 f4 18. Nh5 Bxc4 19. Nxc4 Qg5 20. exf4 exf4
21. Qf3 b5 22. Qxc6 Qxh5 23. Nd2 Re2 24. Ne4 Qg6 25. Nf6+ Kh8 26. Qf3 Rxb2 27.
Nd5 Rxg2+ 28. Qxg2 Rxd5 29. Kh1 Qxg2+ 30. Kxg2 Rxd3 31. Rxf4 Rxc3 32. Rxf7 Rc2+
33. Kg3 a5 34. a4 bxa4 35. Rf8+ Kg7 36. Ra8 a3 37. Rxa5 a2 38. h4 c5 39. Kf3 c4
40. Ke4 Rd2 41. Ke3 c3 42. Ra6 Rg2 43. Kf3 Rb2 44. Ke3 c2 45. Ra7+ Kg6 46. Kd2
c1=Q+ 47. Kxc1 Rb1+ 48. Kc2 a1=Q 49. Rxa1 Rxa1 {White resigns} 0-1

[Event "Team 45 45 League T38"]
[Site "Internet Chess Club"]
[Date "2008.08.10"]
[Round "3"]
[White "decox"]
[Black "zachi"]
[Result "1-0"]
[WhiteElo "2039"]
[BlackElo "1991"]
[Opening "Caro-Kann: classical, Spassky variation"]
[ECO "B18"]
[Time "12:15:34"]
[TimeControl "2700+45"]

1. e4 c6 2. d4 d5 3. Nc3 dxe4 4. Nxe4 Bf5 5. Ng3 Bg6 6. Nf3 Nd7 7. h4 h6 8. h5
Bh7 9. Bd3 Bxd3 10. Qxd3 e6 11. Bd2 Ngf6 12. O-O-O Be7 13. Kb1 Qb6 14. c4 O-O
15. Ne4 Nxe4 16. Qxe4 Nf6 17. Qe2 Rad8 18. Bc3 Bb4 19. Bxb4 Qxb4 20. Ne5 Nd7 21.
a3 Qa5 22. f4 f6 23. Ng6 Rfe8 24. g4 Nf8 25. Qf3 Nxg6 26. hxg6 Qc7 27. g5 fxg5
28. fxg5 Rf8 29. Qh3 Qf4 30. Qxe6+ Kh8 31. Rxh6+ gxh6 32. g7+ Kxg7 33. Qxh6+ Kf7
34. Qh7+ Ke6 35. Re1+ Kd6 36. Qe7# {Black checkmated} 1-0

[Event "Team 45 45 League T38"]
[Site "Internet Chess Club"]
[Date "2008.08.09"]
[Round "3"]
[White "Philly-Boy"]
[Black "MrShaw"]
[Result "1/2-1/2"]
[WhiteElo "1857"]
[BlackElo "1909"]
[Opening "King's Indian: Sämisch, 5...O-O"]
[ECO "E81"]
[Time "12:08:49"]
[TimeControl "2700+45"]

1. d4 Nf6 2. c4 g6 3. Nc3 Bg7 4. e4 d6 5. f3 O-O 6. Be3 Nbd7 7. Nge2 c5 8. Qd2
a6 9. g4 e6 10. Ng3 Qa5 11. Be2 cxd4 12. Bxd4 Nc5 13. Kf2 Rd8 14. g5 Ne8 15.
Bxg7 Nxg7 16. Rad1 b6 17. h4 Na4 18. h5 Nxc3 19. bxc3 Qc5+ 20. Kg2 Bb7 21. hxg6
fxg6 22. Qf4 e5 23. Qh4 Kf7 24. Qxh7 Qe3 25. Qh4 Rf8 26. Rd3 Qc5 27. Qh7 Rh8 28.
Qxh8 Rxh8 29. Rxh8 Qc7 30. Rh1 Ne6 31. Rhd1 Nf4+ 32. Kf2 Nxd3+ 33. Rxd3 Qxc4 34.
Kg2 Qc5 35. Nf1 Bc6 36. Rd2 Ke7 37. c4 b5 38. cxb5 Bxb5 39. Bxb5 axb5 40. Nh2
Qe3 41. Rb2 Qxg5+ 42. Ng4 b4 43. Kh3 Qh5+ 44. Kg3 Qh1 45. Rb3 g5 46. a3 Qg1+ 47.
Kh3 Qf1+ 48. Kg3 Qg1+ 49. Kh3 bxa3 50. Rxa3 {Game drawn by mutual agreement}
1/2-1/2

[Event "Team 45 45 League T38"]
[Site "Internet Chess Club"]
[Date "2008.08.10"]
[Round "3"]
[White "b-spot"]
[Black "Fuzzie"]
[Result "0-1"]
[WhiteElo "1721"]
[BlackElo "1811"]
[Opening "King's Indian: orthodox, Aronin-Taimanov, bayonet attack"]
[ECO "E97"]
[Time "06:05:15"]
[TimeControl "2700+45"]

1. d4 Nf6 2. c4 g6 3. Nc3 Bg7 4. e4 d6 5. Nf3 O-O 6. Be2 e5 7. O-O Nc6 8. d5 Ne7
9. b4 Nh5 10. Re1 f5 11. Ng5 Nf6 12. Bf3 fxe4 13. Ngxe4 Nf5 14. Bg5 h6 15. Bxf6
Bxf6 16. Nxf6+ Qxf6 17. Ne4 Qf7 18. Be2 Nd4 19. f3 Bf5 20. Nc3 Nc2 21. g4 Nxe1
22. gxf5 Nxf3+ 23. Bxf3 Qxf5 24. Be4 Qg5+ 25. Kh1 Rf4 26. Qg1 Rg4 27. Qc1 Qxc1+
28. Rxc1 a5 29. b5 b6 30. Rf1 Rf8 31. Rxf8+ Kxf8 32. Bd3 Kf7 33. Ne4 g5 34. h3
Rf4 35. Kg2 g4 36. hxg4 Rxg4+ 37. Kf3 Rg1 38. Bc2 Rc1 39. Bd3 Rg1 40. Bc2 h5 41.
Kf2 Ra1 42. Bb3 a4 43. Bxa4 Rxa2+ {White resigns} 0-1

[Event "Team 45 45 League T38"]
[Site "Internet Chess Club"]
[Date "2008.08.09"]
[Round "3"]
[White "mickeys"]
[Black "SugarIslander"]
[Result "1-0"]
[WhiteElo "1869"]
[BlackElo "1653"]
[Opening "Grünfeld: 5.e3"]
[ECO "D94"]
[Time "19:00:50"]
[TimeControl "2700+45"]

1. d4 Nf6 2. Nf3 d5 3. e3 g6 4. c4 Bg7 5. Nc3 O-O 6. Be2 c5 7. dxc5 Qa5 8. cxd5
Qxc5 9. O-O Rd8 10. e4 e6 11. Bg5 Rd6 12. Bxf6 exd5 13. Be7 d4 14. Bxd6 Qxd6 15.
Nb5 Qb6 16. Nbxd4 Bg4 17. Rb1 Nc6 18. Nxc6 bxc6 19. Qc2 Rb8 20. b4 a6 21. Qc5
Qc7 22. Rfc1 Bf8 23. Qxc6 Qf4 24. g3 Qh6 25. a3 Rc8 26. Qxc8 Bxc8 27. Rxc8 g5
28. Rbc1 g4 29. Nd4 Qd2 30. Rd1 Qb2 31. Nf5 h5 32. Rxf8+ Kh7 33. Rxf7+ Kg8 34.
Nh6+ {Black resigns} 1-0

[Event "Team 45 45 League T38"]
[Site "Internet Chess Club"]
[Date "2008.08.09"]
[Round "3"]
[White "ElMarginal"]
[Black "oldsj"]
[Result "1-0"]
[WhiteElo "1505"]
[BlackElo "1617"]
[Opening "Trompowsky attack (Ruth, Opocenský opening)"]
[ECO "A45"]
[Time "20:00:23"]
[TimeControl "2700+45"]

1. d4 Nf6 2. Bg5 Ne4 3. Bf4 e6 4. Qd3 d5 5. Nd2 Bd6 6. Bxd6 Nxd6 7. Ngf3 b6 8.
e3 Ba6 9. Qa3 Bxf1 10. Nxf1 Nd7 11. N1d2 O-O 12. O-O Nf6 13. Qd3 Nde4 14. Ne5 c5
15. Nxe4 Nxe4 16. f3 Nd6 17. b3 Rc8 18. c3 c4 19. Qb1 cxb3 20. Qxb3 Nc4 21. Nxc4
Rxc4 22. Rfc1 Qg5 23. Re1 Rfc8 24. Rac1 Qf5 25. Red1 Qg5 26. Re1 Qe7 27. Rc2 Qb7
28. Rec1 Qa6 29. Ra1 Qa5 30. Rac1 Qa4 31. Kf2 Qa5 32. Ke2 Qa6 33. Kd2 Qa5 34.
Rb2 g6 35. Qb5 Qa3 36. Qb3 Qa5 37. Qb5 Qa3 38. Qb3 Qe7 39. Qd1 Qh4 40. Qg1 Qe7
41. Qd1 Qa3 42. Qb3 Qa5 43. Qb5 Qxb5 44. Rxb5 Kg7 45. a3 Kf6 46. Rb4 Kf5 47.
Rxc4 Rxc4 48. Kc2 h5 49. h4 g5 50. hxg5 Kxg5 51. Rh1 f5 52. g3 a5 53. Rb1 h4 54.
gxh4+ Kxh4 55. Rxb6 Kg3 56. f4 Rc8 57. Rxe6 Kf3 58. Kd3 Rc4 59. Kc2 Ke2 60. Re5
Ra4 61. Kb3 Rc4 62. Rxd5 Kd3 63. Rxa5 {Black resigns} 1-0

[Event "Team 45 45 League T38"]
[Site "Internet Chess Club"]
[Date "2008.08.09"]
[Round "3"]
[White "Berkshires"]
[Black "theartist"]
[Result "0-1"]
[WhiteElo "1449"]
[BlackElo "1258"]
[Opening "French: classical"]
[ECO "C13"]
[Time "12:31:10"]
[TimeControl "2700+45"]

1. e4 e6 2. d4 d5 3. Nc3 Nf6 4. Bg5 Be7 5. exd5 exd5 6. Nf3 O-O 7. Bd3 c5 8.
dxc5 Bxc5 9. O-O h6 10. Bh4 Be6 11. a3 Nc6 12. Re1 Re8 13. Bb5 a6 14. Bxc6 bxc6
15. b4 Be7 16. Nd4 Qc8 17. Nxe6 fxe6 18. Qe2 Bd8 19. Na4 Ne4 20. Bxd8 Qxd8 21.
f3 Nf6 22. Nc5 e5 23. Rad1 Nd7 24. Nxd7 Qxd7 25. c4 Qa7+ 26. Kh1 Qf7 27. cxd5
cxd5 28. Qd3 d4 29. Re2 Qd5 30. Rc2 Qb5 31. Qe4 Rac8 32. Rxc8 Rxc8 33. h3 Rc3
34. f4 Re3 35. Qf5 d3 36. fxe5 Qxe5 37. Qxe5 Rxe5 38. Rxd3 Re1+ 39. Kh2 Ra1 40.
Rf3 Ra2 41. h4 Kh7 42. Kh3 Kg6 43. g4 Ra1 44. Kg2 h5 45. g5 Ra2+ 46. Kg3 Ra1 47.
Kf2 Rh1 48. Rf4 Ra1 49. Rf3 Ra2+ 50. Ke1 Rh2 51. Rf4 Ra2 52. Rf3 Rh2 53. Rf4 Ra2
54. Kd1 Rxa3 55. Kc2 Rh3 56. Kd2 Rb3 57. Kc2 Rh3 58. Rc4 Kh7 59. Kb2 Rg3 60. Kc2
Rh3 61. Kd2 Rb3 62. Kc2 Rh3 63. Kd2 Rb3 64. Kc2 Rh3 65. Kb2 Rg3 66. Rc3 Rxc3 67.
Kxc3 Kg6 68. Kd4 Kf5 69. Kd5 Kg4 70. Ke5 Kxh4 71. Kf5 Kg3 72. Kg6 h4 73. Kxg7 h3
74. Kf8 h2 75. g6 h1=Q 76. g7 Qf3+ 77. Kg8 Kh4 78. Kh8 Qh5+ 79. Kg8 Kg5 80. Kf8
Qf3+ 81. Kg8 Kg6 82. b5 axb5 83. Kh8 Qh5+ 84. Kg8 Qh7+ 85. Kf8 Qxg7+ 86. Ke8 Kf6
87. Kd8 Ke6 88. Kc8 Kd6 89. Kb8 Kc6 90. Ka8 Kb6 {White resigns} 0-1

[Event "Team 45 45 League T38"]
[Site "Internet Chess Club"]
[Date "2008.08.09"]
[Round "3"]
[White "ollo"]
[Black "Chess2Play"]
[Result "0-1"]
[WhiteElo "1717"]
[BlackElo "1594"]
[Opening "Sicilian: Grand Prix attack"]
[ECO "B21"]
[Time "21:28:09"]
[TimeControl "2700+45"]

1. e4 c5 2. f4 Nc6 3. Nf3 g6 4. Bc4 e6 5. f5 exf5 6. Bxf7+ Kxf7 7. exf5 Qe7+ 8.
Kf2 Bg7 9. fxg6+ hxg6 10. d3 Bd4+ 11. Kg3 Nf6 12. Ng5+ Kg7 13. Re1 Qd6+ 14. Bf4
Nh5+ 15. Qxh5 Qxf4+ 16. Kxf4 gxh5 17. c3 Rf8+ 18. Ke4 Re8+ 19. Kd5 Rxe1 20. cxd4
Nxd4 21. Kxc5 Nc2 22. Nf3 Re8 23. Nd4 Nxa1 24. Nc3 b6+ 25. Kd6 Bb7 26. Nd5 Bxd5
27. Kxd5 Rf8 {White resigns} 0-1

[Event "Team 45 45 League T38"]
[Site "Internet Chess Club"]
[Date "2008.08.11"]
[Round "3"]
[White "sdcohle"]
[Black "GadsHill"]
[Result "1-0"]
[WhiteElo "1381"]
[BlackElo "1526"]
[Opening "QGD: 4.Nf3"]
[ECO "D37"]
[Time "22:30:13"]
[TimeControl "2700+45"]

1. d4 d5 2. c4 e6 3. Nf3 Nf6 4. Nc3 Be7 5. g3 O-O 6. b3 c5 7. Bg2 dxc4 8. bxc4
cxd4 9. Nxd4 Bc5 10. e3 Bxd4 11. exd4 Nbd7 12. O-O Rb8 13. Bf4 Ra8 14. Rb1 Nb6
15. c5 Nbd5 16. Nxd5 Nxd5 17. Bd6 Re8 18. Qb3 Bd7 19. Qxb7 Nc3 20. Rb3 Ne2+ 21.
Kh1 Nxd4 22. Rd3 Nb5 23. Qxa8 {Black resigns} 1-0

[Event "Team 45 45 League T38"]
[Site "Internet Chess Club"]
[Date "2008.08.09"]
[Round "3"]
[White "SoaringEagle"]
[Black "Toalla"]
[Result "1/2-1/2"]
[WhiteElo "1422"]
[BlackElo "1222"]
[Opening "Sicilian defense"]
[ECO "B20"]
[Time "11:58:44"]
[TimeControl "2700+45"]

1. e4 c5 2. d3 g6 3. g3 Bg7 4. Bg2 e6 5. Nf3 Nf6 6. O-O O-O 7. Re1 d6 8. Nbd2
Nc6 9. Qe2 e5 10. a4 b6 11. c3 Bb7 12. Nc4 Ba6 13. h4 Bxc4 14. dxc4 Qd7 15. Nh2
h5 16. f4 Ng4 17. Bh3 f5 18. Bd2 Rae8 19. Qf3 a5 20. Rad1 Ne7 21. Bc1 Rf6 22. b3
Ref8 23. Qg2 Qc7 24. Nf1 Qc6 25. exf5 Qxg2+ 26. Bxg2 Nxf5 27. fxe5 dxe5 28. Bg5
R6f7 29. Bd5 Kh7 30. Bxf7 Rxf7 31. Rd8 Bf6 32. Bxf6 Rxf6 33. Rd7+ Kh6 34. Rd2
Re6 35. Re4 Kg7 36. Kg2 Kf6 37. Rd3 Ke7 38. Rd1 Kf7 39. Rd3 Nf6 40. Re1 e4 41.
Rd8 Re7 42. Ne3 Rd7 43. Rxd7+ Nxd7 44. Kf2 Ne5 45. Nxf5 gxf5 46. Ke3 Kf6 47. Rd1
Nd3 48. Rd2 Ke5 49. Re2 Ke6 50. Rd2 Ke5 51. Re2 Nc1 52. Rb2 Nd3 53. Re2 Ke6 54.
Rd2 Ke5 {Game drawn by repetition} 1/2-1/2

As dTD,

I confirm the forfeit ruling.

kinghunter08, please let me know by 11:30 ICC time Tuesday 12 Aug if you feel this ruling is in error.

I feel that both players had an agreed time, which the black captain agreed as well.  By virtue of this, the game is awarded to Ser-Enigma.

This action will also carry an RR to kinghunter08.

havertown
dTD